 Dungeon Crawl Stone Soup version 0.21.1-1-g345015fe64 (webtiles) character file.

101487 Kejsarherre the Severer (level 15, -1/144 HPs)
             Began as a Minotaur Berserker on May 6, 2018.
             Was a High Priest of Trog.
             Slain by a spark wasp (17 damage)
             ... on level 1 of the Spider Nest.
             The game lasted 00:47:55 (18375 turns).

Kejsarherre the Severer (Minotaur Berserker)       Turns: 18375, Time: 00:47:56

Health: -1/144     AC: 20    Str: 22    XL:     15   Next: 83%
Magic:  5/5        EV: 18    Int:  4    God:    Trog [*****.]
Gold:   2120       SH:  0    Dex: 14    Spells: 14/14 levels left

rFire    + + .     SeeInvis .   M - +6 executioner's axe (antimagic)
rCold    . . .     Gourm    .   (shield currently unavailable)
rNeg     . . .     Faith    .   G - +0 fire dragon scales
rPois    +         Spirit   .   P - +1 hat {MR+}
rElec    .         Reflect  .   i - scarf {repulsion}
rCorr    .         Harm     .   j - +0 pair of gloves
MR       +++++                  q - +2 pair of boots
Stlth    +.........             D - amulet of regeneration
HPRegen  1.74/turn              p - ring of poison resistance
MPRegen  0.09/turn              I - ring of protection from cold

@: very slightly contaminated, regenerating, studying Axes, repel missiles
A: retaliatory headbutt, horns 2, camouflage 1, clumsy 1, high mp 1, magic
resistance 1
a: Berserk, Trog's Hand, Brothers in Arms, Burn Spellbooks, Renounce Religion


You were on level 1 of the Spider Nest.
You worshipped Trog.
Trog was extremely pleased with you.
You were not hungry.

You visited 4 branches of the dungeon, and saw 24 of its levels.
You also visited: Ice Cave and Volcano.

You collected 2120 gold pieces.

Inventory:

Hand Weapons
 M - a +6 antimagic executioner's axe (weapon)
Armour
 i - a scarf of repulsion (worn)
 j - a +0 pair of gloves (worn)
 q - a +2 pair of boots (worn)
 G - +0 fire dragon scales (worn)
 P - a +1 hat of magic resistance (worn)
Jewellery
 a - an uncursed ring of positive energy
 e - an uncursed ring of protection from magic
 g - an uncursed ring of see invisible
 k - an uncursed ring of protection from magic
 p - a ring of poison resistance (left hand)
 D - an amulet of regeneration (around neck)
 I - a ring of protection from cold (right hand)
 R - an uncursed ring of positive energy
Wands
 b - a wand of digging (2)
 h - a wand of random effects (17)
 l - a wand of flame (103)
 r - a wand of paralysis (22)
 F - a wand of polymorph (3)
 K - a wand of enslavement (15)
 L - a wand of clouds (5)
Scrolls
 d - 7 scrolls of teleportation
 o - 6 scrolls of blinking
 v - 4 scrolls of magic mapping
 y - 3 scrolls of identify
 B - 3 scrolls of remove curse
 J - 3 scrolls of fear
 N - 2 scrolls of brand weapon
 O - a scroll of silence
Potions
 f - 6 potions of heal wounds
 m - 3 potions of haste
 n - 2 potions of flight
 s - 5 potions of magic
 t - 6 potions of agility
 u - a potion of cancellation
 w - a potion of resistance
 x - 8 potions of lignification
 z - 3 potions of berserk rage
 A - 2 potions of brilliance
 E - 8 potions of curing
 H - a potion of ambrosia
Books
 S - a manual of Axes
Comestibles
 c - 32 rations


   Skills:
 + Level 16.0 Fighting
 + Level 18.6 Axes
 + Level 15.8 Armour
 + Level 14.6 Dodging


You had 14 spell levels left.
You didn't know any spells.

Dungeon Overview and Level Annotations

Branches:
Dungeon (15/15)            Temple (0/1) D:4            Lair (6/6) D:8
  Swamp (2/4) Lair:3       Spider (1/4) Lair:2        Slime (0/5) Lair:6
    Orc (0/2) D:11         Vaults (0/5) D:14
 Depths: D:15

Altars:
Okawaru
Xom
Zin

Shops:
D:6 *

Annotations:
Lair:2 exclusion: ice statue


Innate Abilities, Weirdness & Mutations

You reflexively headbutt those who attack you in melee.
You have a pair of horns on your head.
Your skin changes colour to match your surroundings (Stealth+).
You are clumsy. (Dex -2)
You have an increased reservoir of magic. (+10% MP)
You are resistant to hostile enchantments. (MR+)


Message History

Unknown command.
Unknown command.
Unknown command.
Blink to where?
Press: ? - help, Dir - move target cursor You are very lightly contaminated with residual magic.
As you read the scroll of blinking, it crumbles to dust.
The spark wasp bursts into living lightning!
The living lightning hits you!
* * * LOW HITPOINT WARNING * * *
The spark wasp blinks!
The orb spider spins a strand of pure energy.
You feel much better. The spark wasp stings you.
* * * LOW HITPOINT WARNING * * *
The spark wasp shocks you!
* * * LOW HITPOINT WARNING * * *
The spark wasp stings you!
* * * LOW HITPOINT WARNING * * *
The spark wasp shocks you!
You die...

.. #≈≈≈ #......#
..#####.#####....$.#
........%...†......# #
#..................# #.
...............s.s.# .##
#..................# ...#
...............s...#..#..
.............y...........
.......y@..ssss..sO......
....?............†....###
#.......................^
##.......................
#...........^............
#.........(..............
#........................
##..#%...................
#######....$........


You could see 2 spark wasps, a demonic crawler, a wolf spider, 2 orb spiders and
2 redbacks.

Vanquished Creatures
  Gastronok (Lair:3)
  A frost giant (IceCv)
  Snorg (D:12)
  A fire dragon (D:11)
  5 hydras
  A vault guard (D:14)
  2 rakshasas (D:15)
  4 catoblepae (Lair:6)
  8 two-headed ogres
  Erica (D:8)
  6 centaur warriors
  5 tengu warriors
  15 death yaks
  A hell knight (Volcano)
  2 unseen horrors (D:12)
  The ghost of Saeniel the Fighter, a novice MiBe of Trog (D:6)
  4 harpies (D:13)
  3 oklob plants
  4 ugly things
  3 deep elf magi
  2 orb spiders (Spider:1)
  A cyclops (D:14)
  4 manticores
  4 elephants
  2 molten gargoyles (Volcano)
  A black mamba (shapeshifter) (D:15)
  3 black mambas
  An ice statue (IceCv)
  9 spiny frogs
  A gargoyle (D:10)
  A torpor snail (Lair:6)
  The ghost of harmitage the Gouger, a novice FeBe of Trog (D:8)
  2 spiny frogs (shapeshifter)
  2 efreet
  2 rime drakes (D:12)
  2 freezing wraiths
  2 yaktaurs (Volcano)
  7 komodo dragons
  4 demonic crawlers (Spider:1)
  A tengu conjurer (D:11)
  3 jumping spiders
  4 trolls
  18 polar bears
  A hornet (D:12)
  A wind drake (shapeshifter) (D:11)
  A meliai zombie (D:12)
  7 slime creatures
  17 blink frogs
  4 hippogriffs
  2 redbacks (Spider:1)
  A snapping turtle (shapeshifter) (D:15)
  2 wyverns
  A spriggan (Lair:1)
  2 fire bats (Volcano)
  A wraith (D:15)
  93 yaks
  Grum (D:8)
  3 vampire mosquitoes (D:15)
  A human (shapeshifter) (D:15)
  4 hungry ghosts
  A steam dragon (D:10)
  A harpy simulacrum (D:15)
  2 swamp worms (Swamp:1)
  2 soldier ants
  An acid dragon (D:13)
  2 hell hounds (D:8)
  6 porcupines
  5 water moccasins
  A black bear (Lair:2)
  3 phantoms
  6 orc warriors
  11 ice beasts
  5 sky beasts
  An eye of draining (D:15)
  2 necrophages
  4 ogres
  18 centaurs
  36 wolves
  6 crocodiles
  3 big kobolds
  13 bullfrogs
  6 scorpions
  16 killer bees
  12 wights
  2 electric eels (D:15)
  A howler monkey (D:8)
  8 lava snakes
  2 bullfrog zombies
  3 crimson imps
  4 centaur zombies
  A quasit (D:7)
  3 bullfrog skeletons
  8 hounds
  A centaur skeleton (D:4)
  8 orc priests
  A gnoll shaman (D:10)
  4 iguanas
  7 jellies
  8 worker ants
  19 orc wizards
  A bullfrog simulacrum (D:12)
  A centaur simulacrum (D:12)
  2 hound zombies
  A hound skeleton (D:4)
  A worker ant zombie (D:7)
  6 gnolls
  14 adders
  4 shadow imps
  2 white imps (Lair:2)
  An ooze (D:2)
  An adder skeleton (D:7)
  2 worms
  3 dart slugs
  4 leopard geckos
  43 orcs
  2 bats
  4 giant cockroaches
  3 goblins (D:1)
  6 hobgoblins
  16 jackals
  21 kobolds
  3 quokkas
  3 ball pythons
  6 frilled lizards
  A leopard gecko skeleton (D:7)
  4 rats
  8 fungi
  5 plants
699 creatures vanquished.

Vanquished Creatures (collateral kills)
  A yaktaur captain (D:11)
  A hydra (D:11)
  An unseen horror (D:11)
  An elephant (Lair:5)
  A crocodile (Lair:5)
5 creatures vanquished.

Vanquished Creatures (others)
  An unseen horror (D:15)
  A jumping spider (Spider:1)
  A polar bear (IceCv)
  A wolf (IceCv)
  10 plants
14 creatures vanquished.

Grand Total: 718 creatures vanquished

Notes
Turn   | Place    | Note
-------+----------+-------------------------------------------
     0 | D:1      | Kejsarherre the Minotaur Berserker began the quest for the Orb.
     0 | D:1      | Reached XP level 1. HP: 19/19 MP: 0/0
   382 | D:1      | Reached XP level 2. HP: 27/27 MP: 1/1
   481 | D:1      | Reached skill level 4 in Axes
  1147 | D:2      | Reached XP level 3. HP: 27/33 MP: 2/2
  1248 | D:2      | Reached ** piety under Trog
  1282 | D:2      | Reached XP level 4. HP: 23/41 MP: 3/3
  1869 | D:3      | Reached XP level 5. HP: 27/47 MP: 4/4
  2163 | D:4      | Reached skill level 5 in Fighting
  2163 | D:4      | Reached skill level 5 in Axes
  2226 | D:4      | Reached XP level 6. HP: 26/56 MP: 5/5
  2488 | D:4      | Reached skill level 5 in Armour
  2494 | D:4      | Reached *** piety under Trog
  2530 | D:4      | Found a staircase to the Ecumenical Temple.
  2574 | D:4      | Reached XP level 7. HP: 62/62 MP: 6/6
  2828 | D:5      | Entered Level 5 of the Dungeon
  2839 | D:5      | Reached skill level 6 in Axes
  2973 | D:5      | Got a crude hand axe
  2974 | D:5      | Identified the +9 hand axe "Qyusch" {pain, +Rage rF+ MR+ MP+9} (You found it on level 5 of the Dungeon)
  3169 | D:5      | Reached skill level 5 in Dodging
  3442 | D:6      | Reached XP level 8. HP: 58/71 MP: 7/7
  3487 | D:6      | Noticed Saeniel's ghost (novice MiBe)
  3502 | D:6      | Killed Saeniel's ghost
  3502 | D:6      | Reached skill level 9 in Axes
  3512 | D:6      | Found Foomykol's General Store.
  3613 | D:6      | Reached **** piety under Trog
  3920 | D:6      | Reached skill level 10 in Axes
  4150 | D:7      | Reached XP level 9. HP: 70/78 MP: 8/8
  4241 | D:7      | Reached skill level 11 in Axes
  4726 | D:7      | Reached skill level 12 in Axes
  4746 | D:7      | Got a spiked ring mail
  4757 | D:7      | Identified the +5 ring mail "Kyriec" {rF++ Str-4 Int+5} (You found it on level 7 of the Dungeon)
  5038 | D:7      | Gained mutation: You are partially covered in icy blue scales. (AC +2) [potion of mutation]
  5038 | D:7      | Gained mutation: You are occasionally teleported next to monsters. [potion of mutation]
  5038 | D:7      | Gained mutation: Your body sometimes deteriorates upon taking damage. [potion of mutation]
  5038 | D:7      | Gained mutation: You have a pair of large horns on your head. [potion of mutation]
  5039 | D:7      | Lost mutation: You have a pair of large horns on your head. [potion of mutation]
  5039 | D:7      | Lost mutation: You are occasionally teleported next to monsters. [potion of mutation]
  5039 | D:7      | Lost mutation: Your body sometimes deteriorates upon taking damage. [potion of mutation]
  5039 | D:7      | Gained mutation: You are dopey. (Int -2) [potion of mutation]
  5039 | D:7      | Gained mutation: You have sharp fingernails. [potion of mutation]
  5040 | D:7      | Lost mutation: You are dopey. (Int -2) [potion of mutation]
  5040 | D:7      | Lost mutation: You have sharp fingernails. [potion of mutation]
  5040 | D:7      | Lost mutation: You are partially covered in icy blue scales. (AC +2) [potion of mutation]
  5040 | D:7      | Gained mutation: You are clumsy. (Dex -2) [potion of mutation]
  5040 | D:7      | Gained mutation: Your skin changes colour to match your surroundings (Stealth+). [potion of mutation]
  5040 | D:7      | Gained mutation: You have an increased reservoir of magic. (+10% MP) [potion of mutation]
  5040 | D:7      | Gained mutation: You evolve. [potion of mutation]
  5053 | D:8      | Noticed harmitage's ghost (novice FeBe)
  5067 | D:8      | Noticed a two-headed ogre
  5067 | D:8      | Killed harmitage's ghost
  5072 | D:8      | Killed a two-headed ogre
  5072 | D:8      | Reached skill level 13 in Axes
  5172 | D:8      | Reached skill level 14 in Axes
  5174 | D:8      | Reached XP level 10. HP: 84/84 MP: 10/10
  5203 | D:8      | Found an iron altar of Okawaru.
  5220 | D:8      | Noticed Erica
  5230 | D:8      | Killed Erica
  5230 | D:8      | Reached ***** piety under Trog
  5251 | D:8      | Noticed Grum
  5254 | D:8      | Received a gift from Trog
  5264 | D:8      | Reached skill level 15 in Axes
  5271 | D:8      | Killed Grum
  5342 | D:8      | Found a staircase to the Lair.
  5687 | D:8      | Found a glowing silver altar of Zin.
  5850 | D:9      | Noticed a two-headed ogre
  5857 | D:9      | Killed a two-headed ogre
  5857 | D:9      | Reached skill level 16 in Axes
  5946 | D:9      | Received a gift from Trog
  6234 | D:9      | Reached XP level 11. HP: 91/91 MP: 11/11
  6412 | D:10     | Entered Level 10 of the Dungeon
  6984 | D:10     | Gained mutation: You are resistant to hostile enchantments. (MR+) [evolution]
  7013 | D:10     | Received a gift from Trog
  7370 | D:11     | Found a staircase to the Orcish Mines.
  7454 | D:11     | Noticed a two-headed ogre
  7460 | D:11     | Killed a two-headed ogre
  7483 | D:11     | Noticed an eight-headed hydra
  7489 | D:11     | Killed an eight-headed hydra
  7490 | D:11     | Killed an unseen horror
  7733 | D:11     | Noticed a two-headed ogre
  7740 | D:11     | Killed a two-headed ogre
  7833 | D:11     | Found a runed door.
  7890 | D:11     | Noticed a fire dragon
  7890 | D:11     | Noticed a yaktaur captain
  7903 | D:11     | Killed a yaktaur captain
  7911 | D:11     | Killed a fire dragon
  7964 | D:11     | Got a polished chain mail
  7975 | D:11     | Identified the cursed +0 chain mail of the Hart {rElec rPois Int+3} (You found it on level 11 of the Dungeon)
  7975 | D:11     | Identified Dublidwo's Catalogue of Heat
  8057 | D:11     | Noticed a tengu warrior
  8062 | D:11     | Killed a tengu warrior
  8180 | D:12     | Noticed Snorg
  8192 | D:12     | Killed Snorg
  8192 | D:12     | Reached XP level 12. HP: 29/106 MP: 12/12
  8278 | D:12     | Reached skill level 10 in Fighting
  8567 | D:12     | Found a frozen archway.
  8570 | D:12     | Reached skill level 10 in Armour
  8578 | IceCv    | Entered an ice cave
  9003 | IceCv    | Reached skill level 10 in Dodging
  9145 | IceCv    | Noticed a frost giant
  9145 | IceCv    | Noticed a death yak
  9169 | IceCv    | Killed a frost giant
  9177 | IceCv    | Killed a death yak
  9189 | IceCv    | Reached XP level 13. HP: 86/117 MP: 13/13
  9248 | IceCv    | Got a twitching granite ring
  9259 | IceCv    | Identified the ring of the Wild Haggis {Wiz Dex+4} (You found it in an ice cave)
  9570 | D:12     | You fall through a shaft for 2 floors!
 10277 | D:13     | Received a gift from Trog
 10811 | D:14     | Found a gate to the Vaults.
 11173 | D:14     | Lost mutation: You evolve. [evolution]
 11395 | D:15     | Entered Level 15 of the Dungeon
 11528 | D:15     | Reached XP level 14. HP: 130/130 MP: 14/14
 12106 | D:15     | Found a shimmering altar of Xom.
 12517 | D:15     | Reached skill level 17 in Axes
 12636 | D:15     | Received a gift from Trog
 13061 | Lair:1   | Entered Level 1 of the Lair of Beasts
 14063 | Lair:2   | Received a gift from Trog
 14098 | Lair:2   | Found a hole to the Spider Nest.
 14757 | Lair:3   | Noticed Gastronok
 14769 | Lair:3   | Killed Gastronok
 14786 | Lair:3   | Found a staircase to the Swamp.
 15250 | Swamp:1  | Entered Level 1 of the Swamp
 15373 | Lair:4   | Reached skill level 15 in Fighting
 15466 | Lair:4   | Reached XP level 15. HP: 125/141 MP: 5/15
 15619 | Lair:4   | Reached skill level 15 in Armour
 16248 | Lair:5   | Reached skill level 18 in Axes
 16715 | Lair:6   | Entered Level 6 of the Lair of Beasts
 16719 | Lair:6   | Found a staircase to the Slime Pits.
 17113 | Lair:6   | Found a dark tunnel.
 17118 | Volcano  | Entered a volcano
 17333 | Volcano  | Found a burning altar of Makhleb.
 17337 | Volcano  | Received a gift from Trog
 18230 | Spider:1 | Entered Level 1 of the Spider Nest
 18375 | Spider:1 | Slain by a spark wasp

Skill      XL: |  1  2  3  4  5  6  7  8  9 10 11 12 13 14 15 |
---------------+----------------------------------------------+-----
Fighting       | 4 5 6 9 11 13 15 16 | 16.0
Axes           | 4 5 6 10 14 16 17 18 | 18.6
Armour         | 3 4 5 6 9 11 13 14 15 | 15.8
Dodging        | 3 4 5 8 10 12 13 14 | 14.6

Action                   |  1- 3 |  4- 6 |  7- 9 | 10-12 | 13-15 || total
-------------------------+-------+-------+-------+-------+-------++-------
Melee: Hand axe          |    80 |   106 |   242 |   114 |       ||   542
       Headbutt          |     8 |    20 |    35 |   123 |   203 ||   389
       Battleaxe         |       |       |       |   481 |   284 ||   765
       Executioner's axe |       |       |       |       |   617 ||   617
Invok: Trog's Hand       |       |     1 |     1 |    11 |    14 ||    27
       Berserk           |       |     1 |     4 |    11 |    16 ||    32
       Burn Spellbooks   |       |       |       |     3 |     5 ||     8
       Brothers in Arms  |       |       |       |     2 |     2 ||     4
Evoke: Wand              |       |       |       |    11 |     9 ||    20
  Use: Scroll            |       |     2 |    16 |    11 |    12 ||    41
       Potion            |       |       |     3 |     2 |     2 ||     7
  Eat: Chunk             |     1 |     6 |    12 |    24 |    34 ||    77
       Ration            |       |       |       |     4 |     6 ||    10
Armor: Plate armour      |    57 |    63 |   112 |   197 |       ||   429
       Chain mail        |       |       |       |   131 |    19 ||   150
       Fire dragon scale |       |       |       |       |   402 ||   402
Dodge: Dodged            |    25 |    47 |    81 |   273 |   853 ||  1279
       Deflected         |       |     1 |     7 |    11 |    50 ||    69
